 Dungeon Crawl Stone Soup version 0.28-a0-1555-g9ae15a6949 (webtiles) character file.

Game seed: 10981516113719468559

116 knot the Chopper (level 4, -1/52 HPs)
             Began as a Demonspawn Berserker on Jan 18, 2022.
             Was a Follower of Trog.
             Slain by Sigmund (6 damage)
             ... on level 2 of the Dungeon.
             The game lasted 00:01:36 (2705 turns).

knot the Chopper (Demonspawn Berserker)             Turns: 2705, Time: 00:01:36

Health: -1/52      AC:  2    Str: 17    XL:     4   Next: 70%
Magic:  4/4        EV: 12    Int: 11    God:    Trog [*.....]
Gold:   62         SH:  0    Dex: 12    Spells: 3/3 levels left

rFire   . . .      SeeInvis .   a - +0 hand axe
rCold   . . .      Faith    .   (no shield)
rNeg    . . .      Spirit   .   b - +0 animal skin
rPois   .          Reflect  .   (no helmet)
rElec   .          Harm     .   (no cloak)
rCorr   .          Rampage  .   (no gloves)
Will    .....                   (no boots)
Stlth   ..........              (no amulet)
HPRegen 0.17/turn               (no ring)
MPRegen 0.09/turn               (no ring)

@: berserking (expiring), very quick
A: powered by death 1, demonic touch 1
a: Renounce Religion, Berserk


You were on level 2 of the Dungeon.
You worshipped Trog.
Trog was aware of your devotion.
You visited 1 branch of the dungeon, and saw 2 of its levels.

You collected 62 gold pieces.

Inventory:

Hand Weapons
 a - a +0 hand axe (weapon)
 i - a +3 flail
Missiles
 d - 43 stones (quivered)
Armour
 b - a +0 animal skin (worn)
Scrolls
 c - 2 scrolls of identify {unknown}
 f - a scroll of teleportation {unknown}
 g - a scroll of fog {unknown}
Potions
 e - a potion of magic {unknown}
 h - a potion of flight {unknown}
 j - a potion of brilliance {unknown}


   Skills:
 - Level 3.0 Fighting
 * Level 5.0 Axes
 * Level 0.0 Throwing
 - Level 1.7 Armour
 - Level 1.7 Dodging


You had 3 spell levels left.
You didn't know any spells.
Your spell library contained the following spells:

 Spells                   Type           Power      Damage    Failure   Level
 Inner Flame              Hex/Fire       0%         N/A       71%         3
 Cause Fear               Hex            0%         N/A       98%         4
 Discord                  Hex            0%         N/A       100%        8


Dungeon Overview and Level Annotations

Branches:
Dungeon (2/15)

Altars:

Annotations:
D:2 Sigmund


Innate Abilities, Weirdness & Mutations

You regenerate a little health from kills.
Your touch may inflict minor irresistible damage on your foes.


Message History

Found a stone staircase leading up.
Sigmund the Dreaded comes into view.
He is wielding a +0 scythe.
Sigmund shouts!
A hobgoblin comes into view.
Okay, then.
Throw: 44 stones
Press: ? - help, Q - select action Shift-Dir - straight line, f - Sigmund
Aim: Sigmund, wielding a +0 scythe and wearing a +0 robe (53% to hit)
You throw a stone. The stone closely misses Sigmund.
The hobgoblin shouts!
Unknown command.
A red film seems to cover your vision as you go berserk!
You feel yourself moving faster!
You feel mighty! Sigmund barely misses you.
You feel a strong urge to attack something.
You closely miss Sigmund. Sigmund casts a spell at you.
The puff of flame hits you!
You barely miss Sigmund. You closely miss Sigmund. Your touch misses Sigmund.
Sigmund casts a spell at you. The magic dart hits you!
You hit Sigmund.
Sigmund is lightly wounded.
Sigmund casts a spell.
Sigmund flickers and vanishes!
Deactivating autopickup; reactivate with Ctrl-A.
You miss something. Something hits you.
You hit something. You barely miss something. You closely miss something.
You hear some strange, mumbled words.
A puff of flame appears from out of thin air!
The puff of flame hits you!
You barely miss something. Something hits you.
You miss something. Your touch misses something. You closely miss something.
Your touch misses something. Something hits you!
* * * LOW HITPOINT WARNING * * *
You slash something! You miss something. Something hits you.
You die...

.....###
#.#.#####....#######
.....#
..#.................
.....#
#####.....รท....######
..... .'..........##
##...........#
#...........#
#...........#####
###................
#.@......###.######
#{######## #..#
...........# #..#
#..#..#..#..... ##.#
#..#.!#. #... #..#
.#..# .. #..# .# .#@
..# # # g# .. .(


There were no monsters in sight!

Vanquished Creatures
  Natasha (twice) (D:2)
  An adder (D:2)
  3 gnolls (D:2)
  An endoplasm (D:1)
  A giant cockroach (D:1)
  2 goblins (D:1)
  4 hobgoblins (D:1)
  A quokka (D:1)
  4 ball pythons (D:1)
  6 bats (D:1)
  5 frilled lizards
  2 kobolds (D:1)
  2 rats (D:1)
34 creatures vanquished.

Notes
Turn   | Place    | Note
-------+----------+-------------------------------------------
     0 | D:1      | knot the Demonspawn Berserker began the quest for the Orb.
     0 | D:1      | Reached XP level 1. HP: 18/18 MP: 1/1
   146 | D:1      | Reached skill level 3 in Axes
   501 | D:1      | Gained mutation: Your touch may inflict minor irresistible
                  | damage on your foes. [demonic ancestry]
   501 | D:1      | Reached XP level 2. HP: 21/24 MP: 2/2
  1052 | D:1      | Reached ** piety under Trog
  1564 | D:2      | Noticed Natasha
  1569 | D:2      | Killed Natasha
  1570 | D:2      | Reached skill level 4 in Axes
  1570 | D:2      | Reached XP level 3. HP: 19/29 MP: 3/3
  1843 | D:2      | Gained mutation: You regenerate a little health from kills.
                  | [demonic ancestry]
  1843 | D:2      | Reached XP level 4. HP: 10/35 MP: 4/4
  2430 | D:2      | Noticed Natasha
  2539 | D:2      | Killed Natasha
  2540 | D:2      | Reached skill level 5 in Axes
  2684 | D:2      | Noticed Sigmund
  2705 | D:2      | Slain by Sigmund

Illustrated notes

Levels and vault maps discovered:
D:1:      erik_arrival_cave_to_civilisation [erik_arrival_cave_to_hall],
          layout_basic, minmay_vboxes
D:2:      layout_basic, hellmonk_ecumenical_altar_crossroads,
          kennysheep_small_spiral, minmay_misc_feat_diagonals, uniq_natasha,
          uniq_sigmund

Skill      XL: |  1  2  3  4 |
---------------+-------------+-----
Axes           | 3 4 5 |  5.0
Fighting       | |  3.0
Armour         | |  1.7
Dodging        | |  1.7

Action                   |  1- 3 |  4- 6 || total
-------------------------+-------+-------++-------
Melee: Hand axe          |    87 |    25 ||   112
       Touch             |     4 |       ||     4
Throw: Stone             |       |     1 ||     1
Invok: Berserk           |     3 |     4 ||     7
Armor: Animal skin       |    30 |     1 ||    31
Dodge: Dodged            |    69 |     6 ||    75

Table legend: (Time is in decaauts)
 A = Elapsed time spent in this place.
 B = Non-inter-level travel time spent in this place.
 C = Inter-level travel time spent in this place.
 D = Time resting spent in this place.
 E = Time spent auto-exploring this place.
 F = Levels seen in this place.
 G = Mean time per level.
                   A        B        C        D        E       F      G
               +--------+--------+--------+--------+--------+-----+--------+
         Total |   2785 |   2762 |     23 |   1137 |   1363 |   2 | 1392.5 |
       Dungeon |   2785 |   2762 |     23 |   1137 |   1363 |   2 | 1392.5 |
               +--------+--------+--------+--------+--------+-----+--------+

Top non-repeatable levels by time:
     D:1: 1550 daAuts
     D:2: 1235 daAuts
